[ AOE2 MATCH · #477065421 ]
UnrankedBerbers vs Mongols
[ REPLAY ANALYSIS · EXTRACTED FROM THE RECORDED GAME ]
Feudal
8:40
Castle
20:33
Imperial
—
| APM avg | 69.8 |
| APM peak | 160 |
| eAPM avg | 19.9 |
| Villagers / military | 59 / 58 |
Focus
⚔️ 34.8% · 🌾 65.2%
Archer ×57 · Militia ×1
Feudal
8:14
Castle
21:45
Imperial
—
| APM avg | 58.0 |
| APM peak | 103 |
| eAPM avg | 14.9 |
| Villagers / military | 49 / 26 |
Focus
⚔️ 22.7% · 🌾 77.3%
Knight ×11 · Scout Cavalry ×11 · Monk ×2 · Spearman ×2
Feudal
7:50
Castle
20:36
Imperial
—
| APM avg | 42.1 |
| APM peak | 85 |
| eAPM avg | 15.9 |
| Villagers / military | 55 / 38 |
Focus
⚔️ 28.4% · 🌾 71.6%
Knight ×27 · Scout Cavalry ×10 · Monk ×1
Feudal
7:30
Castle
21:28
Imperial
—
| APM avg | 58.0 |
| APM peak | 97 |
| eAPM avg | 20.9 |
| Villagers / military | 61 / 51 |
Focus
⚔️ 42.9% · 🌾 57.1%
Archer ×28 · Plumed Archer ×21 · Spearman ×2
Match map
Initial resources + every placement click. Lines = walls · curves = elevation contours. ◆ gold · ⬟ stone · ● berries · ✦ relic · ◌ wall gap
Your base· ✓ Closed at 20:33 · 16t walls · 1 gate(s)
Jerems's base· Open — 6t gap
Pfienz's base· Open — 8t gap
{ BP } Käpt`n Iglo's base· Open — unwalled flank
Smoothed initial terrain · ◌ = detected wall gap · hover for details
Inputs per minute
— Nick96 - - Jerems
Build order — Nick96
First 150 of 194 actions detected
| 0:04 | Build | Town Center |
| 1:03 | Create | Villager (Male) |
| 1:04 | Create | Villager (Male) |
| 1:04 | Create | Villager (Male) |
| 1:04 | Create | Villager (Male) |
| 1:48 | Create | Villager (Male) |
| 1:55 | Build | Lumber Camp |
| 2:25 | Create | Villager (Male) |
| 2:25 | Create | Villager (Male) |
| 2:46 | Create | Villager (Male) |
| 3:24 | Create | Villager (Male) |
| 3:39 | Build | Mill |
| 4:09 | Create | Villager (Male) |
| 4:26 | Create | Villager (Male) |
| 4:26 | Create | Villager (Male) |
| 5:00 | Create | Villager (Male) |
| 5:08 | Create | Villager (Male) |
| 6:13 | Build | Mining Camp |
| 6:30 | Research | Feudal Age |
| 7:53 | Research | Loom |
| 7:57 | Build | Barracks |
| 8:20 | Build | House |
| 8:40 | Age | Feudal Age |
| 8:41 | Create | Villager (Male) |
| 9:10 | Build | Archery Range |
| 9:16 | Create | Villager (Male) |
| 9:20 | Build | House |
| 9:31 | Create | Villager (Male) |
| 9:41 | Build | House |
| 9:42 | Build | Palisade Wall |
| 9:42 | Build | Palisade Wall |
| 9:43 | Build | Palisade Wall |
| 9:44 | Build | Palisade Wall |
| 9:51 | Create | Archer |
| 9:52 | Create | Archer |
| 10:10 | Create | Archer |
| 10:16 | Create | Villager (Male) |
| 10:23 | Create | Archer |
| 10:36 | Create | Villager (Male) |
| 10:38 | Build | Archery Range |
| 10:47 | Create | Villager (Male) |
| 10:52 | Build | House |
| 10:58 | Create | Archer |
| 11:07 | Build | Palisade Wall |
| 11:07 | Build | Palisade Wall |
| 11:12 | Create | Archer |
| 11:26 | Create | Villager (Male) |
| 11:33 | Create | Archer |
| 11:35 | Create | Archer |
| 11:44 | Create | Archer |
| 11:49 | Build | Blacksmith |
| 12:00 | Create | Villager (Male) |
| 12:12 | Create | Archer |
| 12:13 | Create | Villager (Male) |
| 12:18 | Create | Archer |
| 12:22 | Research | Double-Bit Axe |
| 12:27 | Build | House |
| 12:30 | Build | Palisade Wall |
| 12:35 | Research | Fletching |
| 12:39 | Create | Villager (Male) |
| 13:03 | Create | Villager (Male) |
| 13:19 | Create | Archer |
| 13:20 | Create | Archer |
| 13:34 | Create | Villager (Male) |
| 13:37 | Build | House |
| 13:39 | Build | Watch Tower |
| 13:47 | Create | Archer |
| 14:02 | Create | Archer |
| 14:02 | Create | Archer |
| 14:03 | Create | Villager (Male) |
| 14:15 | Build | House |
| 14:42 | Create | Archer |
| 14:42 | Create | Archer |
| 14:44 | Create | Villager (Male) |
| 14:44 | Create | Villager (Male) |
| 14:49 | Create | Villager (Male) |
| 15:05 | Build | House |
| 15:06 | Build | Palisade Wall |
| 15:13 | Build | House |
| 15:18 | Build | House |
| 15:19 | Create | Villager (Male) |
| 15:35 | Create | Archer |
| 15:35 | Create | Archer |
| 15:52 | Create | Archer |
| 15:53 | Create | Archer |
| 16:19 | Create | Villager (Male) |
| 16:38 | Create | Villager (Male) |
| 16:51 | Build | House |
| 16:53 | Build | Market |
| 17:08 | Create | Archer |
| 17:08 | Create | Archer |
| 17:19 | Create | Villager (Male) |
| 17:25 | Build | Farm |
| 17:27 | Build | Farm |
| 17:34 | Create | Archer |
| 17:39 | Build | Farm |
| 17:49 | Create | Villager (Male) |
| 17:53 | Research | Castle Age |
| 18:14 | Create | Archer |
| 18:15 | Create | Archer |
| 18:30 | Research | Padded Archer Armor |
| 18:40 | Create | Archer |
| 18:40 | Create | Archer |
| 18:43 | Build | Farm |
| 18:54 | Build | Palisade Wall |
| 19:16 | Research | Gold Mining |
| 19:38 | Create | Archer |
| 19:38 | Create | Archer |
| 19:41 | Build | House |
| 19:47 | Build | Palisade Gate |
| 19:59 | Build | Palisade Gate |
| 20:10 | Create | Villager (Male) |
| 20:10 | Create | Villager (Male) |
| 20:15 | Build | House |
| 20:17 | Build | House |
| 20:19 | Build | House |
| 20:20 | Create | Villager (Male) |
| 20:20 | Create | Villager (Male) |
| 20:23 | Create | Archer |
| 20:23 | Create | Archer |
| 20:33 | Age | Castle Age |
| 20:35 | Research | Crossbowman (upgrade) |
| 20:44 | Research | Bodkin Arrow |
| 20:49 | Build | University |
| 20:51 | Create | Villager (Male) |
| 20:58 | Build | House |
| 21:04 | Build | Lumber Camp |
| 21:06 | Create | Archer |
| 21:06 | Create | Archer |
| 21:24 | Create | Villager (Male) |
| 21:46 | Create | Archer |
| 21:47 | Create | Archer |
| 21:49 | Create | Villager (Male) |
| 22:04 | Build | House |
| 22:08 | Build | Farm |
| 22:11 | Create | Villager (Male) |
| 22:24 | Build | Mining Camp |
| 22:35 | Create | Archer |
| 22:35 | Create | Archer |
| 22:36 | Create | Villager (Male) |
| 22:51 | Build | Town Center |
| 22:59 | Create | Archer |
| 22:59 | Create | Archer |
| 23:03 | Create | Villager (Male) |
| 23:09 | Create | Villager (Male) |
| 23:10 | Create | Archer |
| 24:05 | Create | Villager (Male) |
| 24:15 | Research | Ballistics |
| 24:16 | Research | Ballistics |
| 24:23 | Create | Villager (Male) |
Build order — Jerems
137 actions detected in the replay
| 0:03 | Build | Town Center |
| 1:04 | Create | Villager (Male) |
| 1:04 | Create | Villager (Male) |
| 1:04 | Create | Villager (Male) |
| 1:05 | Create | Villager (Male) |
| 1:05 | Create | Villager (Male) |
| 1:05 | Create | Villager (Male) |
| 1:05 | Create | Villager (Male) |
| 2:09 | Build | Lumber Camp |
| 2:15 | Create | Villager (Male) |
| 3:14 | Build | Mill |
| 3:58 | Create | Villager (Male) |
| 3:59 | Create | Villager (Male) |
| 3:59 | Create | Villager (Male) |
| 5:06 | Build | House |
| 5:08 | Create | Villager (Male) |
| 5:09 | Create | Villager (Male) |
| 6:04 | Research | Feudal Age |
| 6:57 | Build | Barracks |
| 7:11 | Build | House |
| 7:26 | Build | House |
| 7:29 | Build | Palisade Wall |
| 7:32 | Build | House |
| 7:34 | Build | House |
| 7:45 | Research | Loom |
| 8:14 | Age | Feudal Age |
| 8:24 | Build | Stable |
| 8:37 | Create | Villager (Male) |
| 8:37 | Create | Villager (Male) |
| 8:40 | Create | Spearman |
| 9:19 | Create | Scout Cavalry |
| 9:20 | Create | Scout Cavalry |
| 9:20 | Create | Villager (Male) |
| 9:43 | Build | Mill |
| 9:49 | Create | Villager (Male) |
| 9:49 | Create | Villager (Male) |
| 10:19 | Create | Scout Cavalry |
| 10:20 | Create | Villager (Male) |
| 10:42 | Create | Scout Cavalry |
| 10:58 | Create | Scout Cavalry |
| 10:59 | Create | Villager (Male) |
| 11:02 | Build | Farm |
| 11:02 | Build | Farm |
| 11:02 | Build | Farm |
| 11:03 | Build | Farm |
| 11:07 | Build | Farm |
| 11:37 | Create | Villager (Male) |
| 11:37 | Create | Villager (Male) |
| 11:54 | Create | Spearman |
| 12:02 | Build | House |
| 12:05 | Create | Scout Cavalry |
| 12:14 | Build | Farm |
| 12:15 | Build | Farm |
| 12:15 | Build | Farm |
| 12:26 | Create | Villager (Male) |
| 12:32 | Build | Farm |
| 12:49 | Build | House |
| 12:55 | Build | Farm |
| 13:15 | Create | Villager (Male) |
| 13:15 | Create | Villager (Male) |
| 13:30 | Create | Villager (Male) |
| 13:32 | Create | Scout Cavalry |
| 13:37 | Build | Blacksmith |
| 13:54 | Build | House |
| 14:09 | Create | Scout Cavalry |
| 14:39 | Create | Villager (Male) |
| 14:40 | Create | Villager (Male) |
| 14:40 | Create | Scout Cavalry |
| 14:53 | Build | Farm |
| 14:55 | Research | Scale Barding Armor |
| 14:57 | Build | Farm |
| 15:00 | Build | Farm |
| 15:03 | Build | Farm |
| 15:11 | Build | Market |
| 15:47 | Build | Palisade Wall |
| 16:04 | Create | Scout Cavalry |
| 16:04 | Create | Villager (Male) |
| 16:04 | Create | Villager (Male) |
| 16:05 | Create | Villager (Male) |
| 16:05 | Create | Villager (Male) |
| 16:16 | Build | House |
| 16:39 | Create | Villager (Male) |
| 16:40 | Create | Scout Cavalry |
| 17:22 | Build | House |
| 17:40 | Create | Villager (Male) |
| 18:03 | Create | Villager (Male) |
| 18:36 | Build | Mining Camp |
| 19:05 | Research | Castle Age |
| 19:58 | Build | Stable |
| 20:42 | Build | House |
| 20:43 | Build | Palisade Wall |
| 20:47 | Build | Farm |
| 21:01 | Build | Lumber Camp |
| 21:10 | Research | Double-Bit Axe |
| 21:30 | Build | Palisade Wall |
| 21:45 | Age | Castle Age |
| 21:49 | Build | Monastery |
| 21:50 | Create | Knight |
| 21:50 | Create | Knight |
| 21:52 | Create | Villager (Male) |
| 21:52 | Create | Villager (Male) |
| 22:05 | Build | Palisade Wall |
| 22:12 | Create | Knight |
| 22:18 | Research | Husbandry |
| 22:26 | Build | Farm |
| 22:27 | Build | Farm |
| 22:27 | Build | Farm |
| 22:36 | Create | Monk |
| 22:42 | Build | Farm |
| 22:44 | Create | Villager (Male) |
| 22:59 | Build | House |
| 23:00 | Build | House |
| 23:11 | Create | Knight |
| 23:12 | Create | Villager (Male) |
| 23:31 | Create | Knight |
| 23:32 | Create | Villager (Male) |
| 23:35 | Build | Farm |
| 23:52 | Build | House |
| 24:09 | Build | Lumber Camp |
| 24:12 | Create | Knight |
| 24:31 | Create | Villager (Male) |
| 24:32 | Create | Knight |
| 24:50 | Create | Knight |
| 25:10 | Build | House |
| 25:23 | Create | Villager (Male) |
| 25:48 | Create | Villager (Male) |
| 26:05 | Create | Monk |
| 26:09 | Create | Knight |
| 26:10 | Create | Villager (Male) |
| 26:10 | Create | Villager (Male) |
| 27:01 | Create | Knight |
| 27:01 | Create | Villager (Male) |
| 27:13 | Create | Villager (Male) |
| 27:29 | Build | Town Center |
| 27:32 | Create | Villager (Male) |
| 28:11 | Create | Knight |
| 28:11 | Create | Villager (Male) |
Build order — Pfienz
First 150 of 157 actions detected
| 0:02 | Build | Town Center |
| 1:02 | Create | Villager (Male) ×4 |
| 1:02 | Create | Villager (Male) ×4 |
| 1:33 | Build | Lumber Camp |
| 1:44 | Create | Villager (Male) |
| 2:26 | Build | Mill |
| 3:07 | Create | Villager (Male) |
| 3:28 | Create | Villager (Male) |
| 3:28 | Create | Villager (Male) |
| 3:51 | Create | Villager (Male) |
| 4:40 | Create | Villager (Male) |
| 4:42 | Research | Loom |
| 5:15 | Research | Loom |
| 5:34 | Research | Feudal Age |
| 6:22 | Build | Barracks |
| 6:42 | Create | Villager (Male) |
| 6:42 | Create | Villager (Male) |
| 6:49 | Build | House |
| 7:50 | Age | Feudal Age |
| 7:57 | Build | Stable |
| 8:31 | Build | Palisade Wall |
| 8:32 | Build | Palisade Wall |
| 8:34 | Build | Palisade Wall |
| 8:35 | Build | Palisade Wall |
| 8:39 | Create | Villager (Male) |
| 8:40 | Research | Double-Bit Axe |
| 8:43 | Create | Scout Cavalry |
| 8:43 | Create | Scout Cavalry |
| 9:01 | Create | Villager (Male) |
| 9:17 | Build | Blacksmith |
| 9:19 | Build | Palisade Wall |
| 9:23 | Create | Villager (Male) |
| 9:25 | Create | Scout Cavalry |
| 9:32 | Create | Villager (Male) |
| 9:48 | Create | Villager (Male) |
| 9:54 | Research | Horse Collar |
| 9:58 | Build | House |
| 10:01 | Create | Scout Cavalry |
| 10:40 | Build | House |
| 10:43 | Create | Villager (Male) |
| 10:49 | Research | Forging |
| 10:50 | Create | Villager (Male) |
| 11:24 | Create | Villager (Male) |
| 11:31 | Build | House |
| 11:41 | Build | Farm |
| 11:42 | Build | Farm |
| 11:43 | Build | Farm |
| 11:43 | Build | Farm |
| 11:44 | Build | Farm |
| 11:52 | Create | Scout Cavalry |
| 12:07 | Build | Palisade Wall |
| 12:13 | Create | Villager (Male) |
| 12:19 | Build | Mill |
| 12:23 | Create | Villager (Male) |
| 12:27 | Create | Scout Cavalry |
| 12:31 | Build | Farm |
| 12:47 | Build | Palisade Wall |
| 12:49 | Build | Palisade Wall |
| 12:57 | Build | House |
| 12:58 | Build | Palisade Wall |
| 13:20 | Build | Palisade Wall |
| 13:21 | Build | Palisade Wall |
| 13:22 | Build | Palisade Wall |
| 13:28 | Create | Villager (Male) |
| 13:41 | Create | Villager (Male) |
| 13:48 | Create | Scout Cavalry |
| 13:51 | Build | Farm |
| 14:02 | Build | Farm |
| 14:03 | Create | Villager (Male) |
| 14:31 | Create | Villager (Male) |
| 14:36 | Build | House |
| 14:43 | Build | House |
| 14:58 | Create | Villager (Male) |
| 15:04 | Build | Market |
| 15:13 | Build | Mining Camp |
| 15:14 | Create | Villager (Male) |
| 15:41 | Create | Villager (Male) |
| 16:25 | Create | Villager (Male) |
| 16:29 | Create | Villager (Male) |
| 16:37 | Research | Scale Barding Armor |
| 16:40 | Create | Scout Cavalry |
| 16:40 | Create | Scout Cavalry |
| 16:45 | Build | Farm |
| 16:46 | Build | Farm |
| 17:04 | Create | Villager (Male) |
| 17:10 | Build | Farm |
| 17:11 | Build | Farm |
| 17:16 | Build | House |
| 17:40 | Build | Farm |
| 17:43 | Build | Farm |
| 17:51 | Research | Castle Age |
| 18:06 | Create | Scout Cavalry |
| 18:21 | Research | Bloodlines |
| 18:38 | Build | Farm |
| 18:44 | Create | Villager (Male) |
| 18:55 | Build | House |
| 18:55 | Build | House |
| 19:06 | Research | Gold Mining |
| 19:10 | Build | Stable |
| 19:32 | Build | House |
| 20:36 | Age | Castle Age |
| 20:39 | Research | Light Cavalry (upgrade) |
| 20:51 | Research | Chain Barding Armor |
| 20:52 | Create | Villager (Male) |
| 20:55 | Build | Town Center |
| 21:03 | Create | Knight |
| 21:04 | Create | Knight |
| 21:09 | Create | Knight |
| 21:26 | Create | Villager (Male) |
| 21:41 | Build | Monastery |
| 21:43 | Create | Knight |
| 21:57 | Create | Villager (Male) |
| 21:57 | Create | Villager (Male) |
| 22:15 | Research | Wheelbarrow |
| 22:16 | Create | Knight |
| 22:44 | Create | Monk |
| 23:02 | Create | Knight |
| 23:31 | Create | Knight |
| 23:39 | Create | Villager (Male) |
| 23:42 | Research | Husbandry |
| 23:57 | Research | Iron Casting |
| 24:02 | Create | Villager (Male) |
| 24:03 | Create | Villager (Male) |
| 24:11 | Build | Town Center |
| 24:16 | Create | Knight ×2 |
| 24:28 | Create | Villager (Male) |
| 24:43 | Create | Villager (Male) |
| 24:56 | Create | Knight |
| 24:57 | Create | Knight |
| 25:00 | Build | Farm |
| 25:01 | Build | Farm |
| 25:02 | Create | Villager (Male) |
| 25:26 | Create | Knight |
| 25:26 | Create | Knight |
| 25:36 | Create | Villager (Male) |
| 25:36 | Create | Villager (Male) |
| 25:39 | Build | House |
| 25:48 | Create | Knight |
| 26:00 | Build | Farm |
| 26:04 | Create | Knight |
| 26:08 | Create | Villager (Male) |
| 26:12 | Create | Villager (Male) |
| 26:30 | Build | Farm |
| 26:36 | Create | Knight ×2 |
| 26:52 | Create | Knight ×2 |
| 27:10 | Create | Knight |
| 27:23 | Create | Knight |
| 27:23 | Create | Knight |
| 27:32 | Create | Knight |
| 27:37 | Build | Farm |
Build order — { BP } Käpt`n Iglo
First 150 of 175 actions detected
| 0:02 | Build | Town Center |
| 1:03 | Create | Villager (Male) ×3 |
| 1:20 | Build | Lumber Camp |
| 1:42 | Create | Villager (Male) |
| 2:00 | Create | Villager (Male) |
| 2:29 | Create | Villager (Male) |
| 3:16 | Create | Villager (Male) |
| 3:28 | Create | Villager (Male) |
| 3:55 | Create | Villager (Male) |
| 4:01 | Build | Mill |
| 4:31 | Create | Villager (Male) |
| 4:35 | Research | Loom |
| 5:20 | Research | Feudal Age |
| 6:03 | Build | Barracks |
| 6:07 | Create | Villager (Male) |
| 6:53 | Build | House |
| 6:58 | Build | House |
| 7:02 | Create | Villager (Male) |
| 7:30 | Age | Feudal Age |
| 7:37 | Build | Archery Range |
| 7:40 | Research | Double-Bit Axe |
| 8:05 | Create | Villager (Male) |
| 8:25 | Build | House |
| 8:29 | Create | Archer |
| 8:48 | Create | Archer |
| 8:50 | Create | Villager (Male) |
| 8:54 | Build | Blacksmith |
| 8:55 | Build | House |
| 8:56 | Build | Palisade Wall |
| 9:01 | Create | Villager (Male) |
| 9:07 | Create | Archer |
| 9:19 | Create | Villager (Male) |
| 9:35 | Create | Villager (Male) |
| 9:41 | Create | Archer |
| 9:46 | Research | Fletching |
| 9:54 | Create | Archer |
| 10:15 | Create | Villager (Male) |
| 10:16 | Create | Archer |
| 10:48 | Create | Archer |
| 10:49 | Create | Villager (Male) |
| 10:49 | Create | Villager (Male) |
| 10:56 | Build | Archery Range |
| 11:08 | Create | Archer |
| 11:09 | Create | Villager (Male) |
| 11:17 | Build | Farm |
| 11:22 | Build | Farm |
| 11:25 | Build | House |
| 11:28 | Build | House |
| 11:29 | Build | House |
| 11:31 | Build | Palisade Wall |
| 11:34 | Create | Archer |
| 11:40 | Create | Villager (Male) |
| 11:40 | Create | Villager (Male) |
| 11:45 | Create | Spearman |
| 11:53 | Create | Archer |
| 12:01 | Create | Villager (Male) |
| 12:04 | Build | Farm |
| 12:07 | Build | House |
| 12:08 | Build | Palisade Wall |
| 12:10 | Research | Town Watch |
| 12:10 | Research | Town Watch |
| 12:18 | Create | Archer |
| 12:26 | Create | Archer |
| 12:34 | Build | Farm |
| 12:57 | Create | Archer |
| 12:58 | Create | Villager (Male) |
| 12:58 | Create | Villager (Male) |
| 13:09 | Create | Villager (Male) |
| 13:21 | Create | Archer |
| 13:22 | Create | Villager (Male) |
| 13:24 | Create | Spearman |
| 13:36 | Create | Villager (Male) |
| 13:41 | Build | Farm |
| 13:44 | Build | House |
| 13:45 | Build | Palisade Wall |
| 13:50 | Create | Archer |
| 13:52 | Research | Padded Archer Armor |
| 13:53 | Create | Archer |
| 14:11 | Create | Archer |
| 14:13 | Create | Villager (Male) |
| 14:40 | Build | Farm |
| 14:48 | Create | Archer |
| 14:49 | Create | Villager (Male) |
| 14:53 | Create | Archer |
| 15:00 | Build | House |
| 15:10 | Create | Villager (Male) |
| 15:25 | Create | Villager (Male) |
| 15:25 | Create | Archer |
| 15:57 | Create | Archer |
| 15:57 | Create | Archer |
| 16:05 | Create | Villager (Male) |
| 16:23 | Create | Villager (Male) |
| 16:24 | Create | Archer |
| 16:24 | Create | Archer |
| 16:43 | Create | Archer |
| 16:44 | Create | Villager (Male) |
| 17:02 | Create | Archer |
| 17:03 | Create | Villager (Male) |
| 17:05 | Build | Market |
| 17:07 | Build | House |
| 17:09 | Build | Palisade Wall |
| 17:11 | Build | Palisade Wall |
| 17:26 | Build | Farm |
| 17:28 | Build | Farm |
| 17:44 | Create | Villager (Male) |
| 17:54 | Build | Mining Camp |
| 17:58 | Build | Mining Camp |
| 18:19 | Create | Villager (Male) |
| 18:41 | Research | Castle Age |
| 19:01 | Research | Horse Collar |
| 19:06 | Build | Lumber Camp |
| 19:36 | Create | Archer |
| 19:37 | Create | Archer |
| 19:49 | Research | Stone Mining |
| 20:00 | Research | Gold Mining |
| 20:37 | Build | House |
| 21:08 | Create | Villager (Male) |
| 21:09 | Create | Villager (Male) |
| 21:28 | Age | Castle Age |
| 21:29 | Build | Castle |
| 21:31 | Research | Crossbowman (upgrade) |
| 21:32 | Research | Bodkin Arrow |
| 22:14 | Create | Villager (Male) |
| 22:22 | Research | Bow Saw |
| 22:31 | Build | Town Center |
| 22:40 | Create | Plumed Archer |
| 22:40 | Create | Plumed Archer |
| 23:00 | Create | Villager (Male) |
| 23:00 | Create | Villager (Male) |
| 23:01 | Create | Plumed Archer |
| 23:18 | Create | Plumed Archer |
| 23:26 | Create | Villager (Male) |
| 23:30 | Create | Plumed Archer |
| 24:10 | Create | Plumed Archer |
| 24:10 | Create | Plumed Archer |
| 24:13 | Create | Villager (Male) |
| 24:14 | Create | Villager (Male) |
| 24:23 | Build | Town Center |
| 24:32 | Create | Plumed Archer |
| 24:35 | Create | Villager (Male) |
| 24:36 | Create | Villager (Male) |
| 24:41 | Build | Farm |
| 24:59 | Create | Plumed Archer |
| 25:03 | Create | Villager (Male) |
| 25:21 | Create | Villager (Male) |
| 25:25 | Create | Villager (Male) |
| 25:25 | Create | Villager (Male) |
| 25:26 | Create | Plumed Archer |
| 25:26 | Create | Plumed Archer |
| 25:38 | Create | Villager (Male) |
Match timeline
| 6:03 | { BP } Käpt`n Iglo · first_building Barracks |
| 6:22 | Pfienz · first_building Barracks |
| 6:57 | Jerems · first_building Barracks |
| 7:29 | Jerems · wall_segment Palisade Wall x6 |
| 7:30 | { BP } Käpt`n Iglo · age_up feudal |
| 7:37 | { BP } Käpt`n Iglo · first_building Archery Range |
| 7:50 | Pfienz · age_up feudal |
| 7:57 | Pfienz · first_building Stable |
| 7:57 | Nick96 · first_building Barracks |
| 8:14 | Jerems · age_up feudal |
| 8:24 | Jerems · first_building Stable |
| 8:31 | Pfienz · wall_segment Palisade Wall x1 |
| 8:32 | Pfienz · wall_segment Palisade Wall x1 |
| 8:34 | Pfienz · wall_segment Palisade Wall x1 |
| 8:35 | Pfienz · wall_segment Palisade Wall x5 |
| 8:40 | Nick96 · age_up feudal |
| 8:56 | { BP } Käpt`n Iglo · wall_segment Palisade Wall x5 |
| 9:10 | Nick96 · first_building Archery Range |
| 9:19 | Pfienz · wall_segment Palisade Wall x4 |
| 9:42 | Nick96 · wall_segment Palisade Wall x1 |
| 9:42 | Nick96 · wall_segment Palisade Wall x1 |
| 9:43 | Nick96 · wall_segment Palisade Wall x1 |
| 9:44 | Nick96 · wall_segment Palisade Wall x1 |
| 11:07 | Nick96 · wall_segment Palisade Wall x1 |
| 11:07 | Nick96 · wall_segment Palisade Wall x1 |
| 11:31 | { BP } Käpt`n Iglo · wall_segment Palisade Wall x5 |
| 12:07 | Pfienz · wall_segment Palisade Wall x3 |
| 12:08 | { BP } Käpt`n Iglo · wall_segment Palisade Wall x1 |
| 12:30 | Nick96 · wall_segment Palisade Wall x8 |
| 12:47 | Pfienz · wall_segment Palisade Wall x1 |
| 12:49 | Pfienz · wall_segment Palisade Wall x3 |
| 12:58 | Pfienz · wall_segment Palisade Wall x1 |
| 13:20 | Pfienz · wall_segment Palisade Wall x1 |
| 13:21 | Pfienz · wall_segment Palisade Wall x1 |
| 13:22 | Pfienz · wall_segment Palisade Wall x1 |
| 13:45 | { BP } Käpt`n Iglo · wall_segment Palisade Wall x7 |
| 15:06 | Nick96 · wall_segment Palisade Wall x1 |
| 15:47 | Jerems · wall_segment Palisade Wall x1 |
| 17:09 | { BP } Käpt`n Iglo · wall_segment Palisade Wall x4 |
| 17:11 | { BP } Käpt`n Iglo · wall_segment Palisade Wall x9 |
| 17:50 | Pfienz · first_market_sell 100 food |
| 18:23 | Jerems · first_market_sell 100 stone |
| 18:37 | { BP } Käpt`n Iglo · first_market_buy 100 food |
| 18:54 | Nick96 · wall_segment Palisade Wall x1 |
| 19:01 | Jerems · first_market_buy 100 food |
| 20:33 | Nick96 · age_up castle |
| 20:36 | Pfienz · age_up castle |
| 20:43 | Nick96 · first_market_buy 100 food |
| 20:43 | Jerems · wall_segment Palisade Wall x1 |
| 21:28 | { BP } Käpt`n Iglo · age_up castle |
| 21:29 | { BP } Käpt`n Iglo · first_building Castle |
| 21:30 | Jerems · wall_segment Palisade Wall x1 |
| 21:41 | Pfienz · first_building Monastery |
| 21:45 | Jerems · age_up castle |
| 21:49 | Jerems · first_building Monastery |
| 22:05 | Jerems · wall_segment Palisade Wall x1 |
| 23:43 | Nick96 · first_market_sell 100 stone |
| 28:22 | Nick96 · resign |
[ AI ANALYSIS · 1 CREDIT ]
What really happened in this match?
Wolo.gg analyzes every decision: build order, eco, micro, common mistakes by bracket. Personalized analysis on WhatsApp or Discord in 30 seconds.
Civ guide
Berbers
Perfil
Jugador #218664